[Event "Pohár mìsta Øíèany 2018"]
[Site "Øíèany, Czech Republic"]
[Date "2018.08.29"]
[Round "6.1"]
[White "Plát, Vojtìch"]
[Black "Pùlpán, Jakub"]
[Result "1/2-1/2"]
[ECO "B50"]
[WhiteElo "2523"]
[BlackElo "2400"]
[PlyCount "41"]
[EventDate "2018.??.??"]
[TimeControl "2+30"]
[WhiteClock "1:00:31"]
[BlackClock "0:37:19"]

1. e4 c5 2. Nf3 d6 3. c3 Nf6 4. Be2 g6 5. O-O Bg7 6. e5 dxe5 7. Nxe5 O-O 8.
Bf3 Nfd7 9. Nxd7 Qxd7 10. d3 Nc6 11. Be3 b6 12. d4 cxd4 13.
Bxd4 Nxd4 14. Bxa8 Ba6 15. Be4 Bxf1 16. Qxf1 Ne6 17. Na3 Rd8 18. Bc2 Qc6 19. Rd1 Rxd1 20. Bxd1 Nf4 21. Bf3 1/2-1/2

[Event "Pohár mìsta Øíèany 2018"]
[Site "Øíèany, Czech Republic"]
[Date "2018.08.29"]
[Round "6.2"]
[White "Vojta, Tomáš"]
[Black "Gregor, Jiøí"]
[Result "1-0"]
[ECO "D00"]
[WhiteElo "2348"]
[BlackElo "2262"]
[PlyCount "93"]
[EventDate "2018.??.??"]
[TimeControl "2+30"]
[WhiteClock "0:03:35"]
[BlackClock "0:05:19"]

1. d4 Nf6 2. c3 d5 3. Bf4 Bf5 4. e3 c6 5. Nd2 Nbd7 6. h3 h6 7. Ngf3 e6 8. Be2 Be7 9. O-O O-O 10. b4 a5 11. a3 Ra7 12. Qc1 b6 13. Qb2 Qa8 14. b5 c5 15. c4 Ne4 16. Nxe4 Bxe4 17. Nd2 dxc4 18. Nxe4 Qxe4 19. Bxc4 Bf6 20. f3 Qg6 21. Rad1 cxd4 22. exd4 Rd8 23. Qb3 Be7 24. g4 Qf6 25. Bg3 Nf8 26. Be5 Qh4 27. Kg2 Bd6 28. f4 Rad7 29. d5 Bxe5 30. fxe5 Ng6 31. dxe6 Nf4+ 32. Rxf4 Rxd1 33. exf7+ Kf8 34. Rf2 R1d2 35. Be2 R8d3 36. Qxd3 Rxd3 37. Bxd3 Qd8 38. Bc4 Qd4 39. e6 Qe4+ 40. Rf3 a4 41. Bd5 Qe2+ 42.
Rf2 Qe5 43. Rd2 Qe3 44. Rc2 Qe5 45. Rd2 Ke7 46. Bf3 Kf8 47. Rf2 1-0

[Event "Pohár mìsta Øíèany 2018"]
[Site "Øíèany, Czech Republic"]
[Date "2018.08.29"]
[Round "6.3"]
[White "Kulhánek, Tomáš"]
[Black "Petr, Jakub"]
[Result "1/2-1/2"]
[ECO "B51"]
[WhiteElo "2314"]
[BlackElo "2145"]
[PlyCount "27"]
[EventDate "2018.??.??"]
[TimeControl "2+30"]
[WhiteClock "1:18:38"]
[BlackClock "1:10:58"]

1. e4 c5 2. Nf3 d6 3. Bb5+ Nd7 4. c3 Ngf6 5. Qe2 a6 6. Ba4 e5 7. O-O Be7 8. d4 Qc7 9. dxe5 dxe5 10. Bg5 b5 11. Bc2 O-O 12. a4 Bb7 13.
Nbd2 c4 14. Rfe1 1/2-1/2

[Event "Pohár mìsta Øíèany 2018"]
[Site "Øíèany, Czech Republic"]
[Date "2018.08.29"]
[Round "6.4"]
[White "Svatoš, Jan"]
[Black "Skalický, Tomáš"]
[Result "1-0"]
[ECO "B07"]
[WhiteElo "2264"]
[BlackElo "2125"]
[PlyCount "125"]
[EventDate "2018.??.??"]
[TimeControl "2+30"]
[WhiteClock "0:01:44"]
[BlackClock "0:00:39"]

1. e4 d6 2. d4 Nf6 3. Nc3 e5 4. dxe5 dxe5 5. Qxd8+ Kxd8 6. Bc4 Ke8 7. Nge2 Bd6 8. f3 Be6 9. Bxe6 fxe6 10. Be3 Ke7 11. O-O-O Nbd7 12. Nb5 a6 13. Nxd6 cxd6 14. Nc3 Rac8 15. Rd2 Rc6 16. Rhd1 Rhc8 17. a3 b5 18. Na2 a5 19. Nc3 Rb8 20. a4 bxa4 21. Nxa4 Rc4 22. Nc3 Ne8 23. Rd3 a4 24. Na2 Rbc8 25. R1d2 Nc5 26. Bxc5 R8xc5 27. Kb1 Rb5 28. Rc3 Rbc5 29. Rdd3 Nc7 30. Rxc4 Rxc4 31. Rc3 Rxc3 32. Nxc3 d5 33. Nxa4 Kd6 34. Kc1 Kc6 35. Kd2 Kb5 36. Nc3+ Kc4 37. Ne2 Nb5 38. b3+ Kb4 39. Nc1 Kc5 40. c3 Kd6 41. Nd3 g5 42. g4 Nc7 43. c4 Ne8 44. c5+ Kc6 45. b4 Kb5 46. Kc3 dxe4 47. fxe4 Nf6 48. Nxe5 Nxe4+ 49. Kd4 Nf6 50. h3 Kxb4 51. Nf7 Kb5 52. Nxg5 h5 53. gxh5 Nxh5 54. Nxe6 Kc6 55. Kc4 Nf6 56. h4 Ng4 57. Nd4+ Kc7 58. Kd5 Nf6+ 59. Ke6 Nh5 60. Kf5 Ng3+ 61. Kg6 Ne4 62. c6 Kd6 63. h5 1-0

[Event "Pohár mìsta Øíèany 2018"]
[Site "Øíèany, Czech Republic"]
[Date "2018.08.29"]
[Round "6.5"]
[White "Rodshtein, Tereza"]
[Black "Hostièka, František"]
[Result "0-1"]
[ECO "B03"]
[WhiteElo "2256"]
[BlackElo "2087"]
[PlyCount "96"]
[EventDate "2018.??.??"]
[TimeControl "2+30"]
[WhiteClock "0:40:19"]
[BlackClock "0:01:21"]

1. e4 Nf6 2. e5 Nd5 3. d4 d6 4. c4 Nb6 5. exd6 exd6 6. h3 Bf5 7. Nc3 Nc6 8.
Be3 Be7 9. Nf3 O-O 10. b3 Nb4 11. Rc1 c6 12. Be2 a5 13. O-O d5 14. c5 Nd7 15. a3 Na6 16. Na4 Re8 17. Bd2 Be4 18. Bc3 Bxf3 19. Bxf3 Bg5 20. Bd2 Nc7 21. Re1 Rxe1+ 22. Qxe1 Nb5 23. Bg4 Nxd4 24. Bxg5 Qxg5 25. Rd1 Nf5 26. Nb6 Nxb6 27. cxb6 Nd6 28. Qc3 Ne4 29. Qd4 Qf6 30. Qe3 Qg5 31. Qd4 f5 32. Bf3 Qf6 33. Qe3 g6 34. Re1 Re8 35.
Qf4 Qe5 36. Qe3 Qb2 37. g4 Nf6 38. Qxe8+ Nxe8 39. Rxe8+ Kf7 40.
Rb8 Qxb3 41. Rxb7+ Kf6 42. Kg2 Kg5 43. gxf5 Kf4 44. Be2 gxf5 45. Rb8 c5 46. b7 c4 47. a4 Qb2 48. Bf3 Qg7+ 0-1

[Event "Pohár mìsta Øíèany 2018"]
[Site "Øíèany, Czech Republic"]
[Date "2018.08.29"]
[Round "6.6"]
[White "Rut, Vojtìch"]
[Black "Hrdina, Robin"]
[Result "1/2-1/2"]
[ECO "D01"]
[WhiteElo "2123"]
[BlackElo "2219"]
[PlyCount "29"]
[EventDate "2018.??.??"]
[TimeControl "2+30"]
[WhiteClock "0:55:32"]
[BlackClock "0:40:16"]

1. d4 Nf6 2. Nc3 d5 3. Bg5 Nbd7 4. Qd3 c6 5. e4 dxe4 6. Nxe4 Nxe4 7. Qxe4 Nf6 8. Bxf6 Qa5+ 9. c3 gxf6 10. Bd3 Be6 11. Ne2 Bd5 12. Qf5 Rg8 13. Be4 Rg5 14. Qf3 O-O-O 15. h4 1/2-1/2

[Event "Pohár mìsta Øíèany 2018"]
[Site "Øíèany, Czech Republic"]
[Date "2018.08.29"]
[Round "6.7"]
[White "Hollan, Petr"]
[Black "Blümel, Otto"]
[Result "1-0"]
[ECO "B29"]
[WhiteElo "2179"]
[BlackElo "2019"]
[PlyCount "117"]
[EventDate "2018.??.??"]
[TimeControl "2+30"]
[WhiteClock "0:01:15"]
[BlackClock "0:31:44"]

1. e4 c5 2. Nf3 Nf6 3. e5 Nd5 4. Nc3 Nxc3 5. dxc3 d5 6. Bf4 Nc6 7. Qd2 e6 8. Bd3 h6 9. h4 a6 10. g4 Be7 11. Rg1 Bxh4 12. Nxh4 Qxh4 13. O-O-O Qd8 14. Kb1 b6 15. g5 hxg5 16. Bxg5 Qc7 17. f4 Bb7 18. f5 Kd7 19. fxe6+ fxe6 20. Bf6 Rag8 21. Bxg7 Kc8 22. Bxh8 Rxh8 23. Rde1 Kb8 24. Qg5 Rf8 25. Qh6 Re8 26. Rg7 Re7 27. Rxe7 Qxe7 28. Qf6 Bc8 29. Rg1 Qc7 30. Re1 b5 31. Bg6 b4 32. cxb4 Nxb4 33. a3 Nc6 34. Be8 Na5 35. Bg6 Qb6 36. Ka2 Nc4 37. Rb1 Qc7 38. Bf7 Qxe5 39. Qxe5+ Nxe5 40. Bxe6 Bxe6 41. Re1 Kc7 42. Rxe5 Kd6 43. Rg5 d4+ 44. Kb1 Bc4 45. Kc1 Kc6 46. Kd2 Kb6 47. Rg6+ Kb5 48. Rf6 Bg8 49. c3 dxc3+ 50. Kxc3 a5 51. Rf8 Bd5 52. Rb8+ Ka4 53. Rd8 Bb3 54. Rc8 c4 55.
Kd4 Ba2 56. Kc3 Bb3 57. Rc5 Ba2 58. b4 cxb3 59. Kb2 1-0

[Event "Pohár mìsta Øíèany 2018"]
[Site "Øíèany, Czech Republic"]
[Date "2018.08.29"]
[Round "6.8"]
[White "Šimeèek, Bohumil"]
[Black "Svìtlý, Jiøí"]
[Result "1-0"]
[ECO "E87"]
[WhiteElo "2079"]
[BlackElo "1943"]
[PlyCount "77"]
[EventDate "2018.??.??"]
[TimeControl "2+30"]
[WhiteClock "0:07:26"]
[BlackClock "0:04:17"]

1. d4 Nf6 2. c4 g6 3. Nc3 Bg7 4. e4 d6 5. f3 O-O 6. Be3 e5 7. d5 Nbd7 8. Bd3 Nc5 9. Bc2 a5 10. Qd2 Bd7 11. Nge2 a4 12. a3 Ne8 13. g4 b5 14. cxb5 Qb8 15.
h4 Bxb5 16. Nxb5 Qxb5 17. Rb1 Nb3 18. Qd3 Qa5+ 19. Kf2 Rb8 20.
Qc3 Qb5 21. Bxb3 Qxb3 22. Qxb3 axb3 23. g5 f5 24. Kg2 fxe4 25. fxe4 Kf7 26. Rbc1 Ke7 27. Rc3 Kd7 28. Nc1 Rf4 29. Bxf4 exf4 30. Rxb3 Rxb3 31. Nxb3 Bxb2 32. a4 c6 33. dxc6+ Kxc6 34. Kf3 Be5 35. h5 d5 36. hxg6 hxg6 37. Rc1+ Kd6 38. Rd1 Ng7 39. Rxd5+ 1-0